[Event "Late-Titled-Tuesday-Blitz-October-17-2023"]
[Site "Chess.com"]
[Date "2023.10.17"]
[Round "4"]
[White "pedromartinez91"]
[Black "pirulillo"]
[Result "1-0"]
[WhiteElo "2523"]
[BlackElo "2343"]
[TimeControl "180+1"]
[EndTime "14:37:55 PDT"]
[Termination "pedromartinez91 won on time"]

1. d4 Nf6 2. c4 g6 3. Nc3 Bg7 4. e4 d6 5. Nf3 O-O 6. Bd3 e5 7.
d5 a5 8. Bg5 h6 9. Bd2 Na6 10.
Bc2 Kh7 11. h4 Nh5 12. g3 Nc5 13. Qe2 Bg4 14. Ng5+ hxg5 15. Qxg4 gxh4 16. Rxh4 Kg8 17. O-O-O Qd7 18. Qe2 Bf6 19. Rh2 Kg7 20. Rdh1 Rh8 21. Kb1 Qe7 22. a3 Bg5 23. Be1 a4 24. Ka2 Nf6 25.
f3 c6 26. Rxh8 Rxh8 27. Rxh8 Kxh8 28. Nxa4 Nxa4 29. Bxa4 cxd5 30. cxd5 Kg7 31. Qc4 Be3 32. Qc8 Ng8 33. Bb4 Bd4 34. Be8 Nf6 35. Bb5 Nh5 36.
g4 Nf4 37. Be8 g5 38. Qd7 Qxd7 39. Bxd7 Bc5 40. Bxc5 dxc5 41. Kb3 Kf6 42. Kc4 Ke7 43. Bc8 Kd6 44. Bxb7 Ng2 45. a4 Ne3+ 46. Kd3 Nd1 47. Kc2 Ne3+ 48. Kd2 Nc4+ 49. Kc3 Na5 50. Bc6 c4 51.
Kb4 Nb3 52. a5 1-0

[Event "Late-Titled-Tuesday-Blitz-October-17-2023"]
[Site "Chess.com"]
[Date "2023.10.17"]
[Round "4"]
[White "Eloist"]
[Black "familijatop71"]
[Result "1-0"]
[WhiteElo "2432"]
[BlackElo "2121"]
[TimeControl "180+1"]
[EndTime "14:37:55 PDT"]
[Termination "Eloist won by checkmate"]

1. e4 c5 2. g3 d6 3. Bg2 g6 4.
Ne2 Bg7 5. c3 e5 6. d4 cxd4 7.
cxd4 Nc6 8. dxe5 dxe5 9. Qxd8+ Nxd8 10. Nbc3 Ne7 11. Be3 O-O 12. Nb5 Ndc6 13. O-O-O Be6 14. Nc7 Rac8 15. Nxe6 Nd4+ 16. Kb1 Nxe6 17. Rd7 Nc6 18. Rxb7 Rb8 19. Rxb8 Rxb8 20. Rc1 Ncd4 21. Nxd4 exd4 22. Bd2 Nc5 23. Rxc5 d3 24. e5 f6 25. Bd5+ Kf8 26.
e6 f5 27. Bb3 Rb7 28. Bg5 a5 29. Rc8# 1-0

[Event "Late-Titled-Tuesday-Blitz-October-17-2023"]
[Site "Chess.com"]
[Date "2023.10.17"]
[Round "4"]
[White "Maksimus1998"]
[Black "effefe"]
[Result "1-0"]
[WhiteElo "2620"]
[BlackElo "2345"]
[TimeControl "180+1"]
[EndTime "14:37:57 PDT"]
[Termination "Maksimus1998 won by resignation"]

1. d4 Nf6 2. Nf3 g6 3. Bg5 Bg7 4.
Nbd2 O-O 5. e3 d6 6. Be2 h6 7.
Bh4 Nfd7 8. h3 Qe8 9. O-O e5 10. dxe5 dxe5 11. e4 f5 12. exf5 gxf5 13. Re1 e4 14. c3 Qh5 15. Be7 exf3 16. Bxf3 Qf7 17. Bxf8 Nxf8 18. Nc4 Nc6 19. Bxc6 bxc6 20. Ne5 Bxe5 21.
Rxe5 Be6 22. Qd2 Qf6 23. Rae1 Rd8 24. Qe3 Rd6 25. b3 f4 26. Qe2 Nd7 27. Rxe6 Rxe6 28. Qxe6+ Qxe6 29. Rxe6 Kf7 30. Rxc6 Ke7 31. Rxc7 Kd6 32.
Rxa7 Ne5 33. Ra6+ Kd5 34. Ra5+ Ke4 35. f3+ Kf5 36. Kf2 Kf6 37. Rxe5 Kxe5 38. g3 fxg3+ 39. Kxg3 Kf5 40. a4 Ke5 41. a5 Kd6 42. b4 1-0

[Event "Late-Titled-Tuesday-Blitz-October-17-2023"]
[Site "Chess.com"]
[Date "2023.10.17"]
[Round "4"]
[White "Walter_White_Poland"]
[Black "Gyulamiryan-koryun"]
[Result "1-0"]
[WhiteElo "2324"]
[BlackElo "1956"]
[TimeControl "180+1"]
[EndTime "14:37:59 PDT"]
[Termination "Walter_White_Poland won on time"]

1. e4 e5 2. Nf3 Nc6 3. Bb5 a6 4.
Ba4 Nf6 5. O-O Be7 6. Re1 b5 7. Bb3 O-O 8. d4 exd4 9. e5 Ne8 10. c3 d5 11. Nxd4 Nxd4 12. cxd4 c6 13. Be3 Bf5 14.
Nd2 Nc7 15. g4 Be6 16. f4 Bh4 17. Rf1 f6 18. f5 Bd7 19. e6 Be8 20. Bf4 Bg5 21.
Bxg5 fxg5 22. Nf3 h6 23. Rc1 h5 24. h3 g6 25. Ne5 gxf5 26. gxf5 g4 27. Rc2 Qh4 28.
hxg4 Nxe6 29. fxe6 Rxf1+ 30. Qxf1 Qg3+ 31. Rg2 Qe3+ 32.
Qf2 Qxf2+ 33. Kxf2 1-0

[Event "Late-Titled-Tuesday-Blitz-October-17-2023"]
[Site "Chess.com"]
[Date "2023.10.17"]
[Round "4"]
[White "Freeeeeeeeeeeeeeeeee"]
[Black "The_Princess_Moon"]
[Result "0-1"]
[WhiteElo "1973"]
[BlackElo "2330"]
[TimeControl "180+1"]
[EndTime "14:38:05 PDT"]
[Termination "The_Princess_Moon won on time"]

1. Nc3 c5 2. Nf3 d6 3. b3 Nc6 4. Bb2 Nf6 5. e4 g6 6. Nd5 Bg7 7. Nxf6+ exf6 8. Bc4 O-O 9. O-O Bg4 10. h3 Bxf3 11.
Qxf3 Ne5 12. Qd1 Qd7 13. Bd5 Nc6 14. Qf3 Nb4 15. Bxf6 Nxc2 16. Bxg7 Kxg7 17. Qc3+ Nd4 18. Rae1 Kg8 19. f4 Rab8 20. f5 b5 21. Qg3 Kh8 22. f6 Nc6 23. Qg5 Nd4 24. Qh6 Rg8 25. Rf4 g5 26. Rff1 Rg6 27. Qh5 Re8 28. h4 Re5 29.
hxg5 Rexg5 30. Qh2 Rxg2+ 31. Qxg2 Rxg2+ 32. Kxg2 Qg4+ 33. Kh1 Nf3 34. Re2 Qh3+ 0-1

[Event "Late-Titled-Tuesday-Blitz-October-17-2023"]
[Site "Chess.com"]
[Date "2023.10.17"]
[Round "4"]
[White "lluiss"]
[Black "Marcin"]
[Result "1-0"]
[WhiteElo "2187"]
[BlackElo "2420"]
[TimeControl "180+1"]
[EndTime "14:38:07 PDT"]
[Termination "lluiss won by resignation"]

1. Nf3 g6 2. d4 Bg7 3. c4 Nf6 4. g3 c5 5. Bg2 cxd4 6. Nxd4 O-O 7. Nc3 Nc6 8. e3 Nxd4 9. exd4 d5 10. Nxd5 Nxd5 11. cxd5 Qa5+ 12. Bd2 Qb6 13. Bc3 Bf5 14. O-O Rac8 15. Qd2 Qb5 16. Rfe1 Rc7 17. Rac1 Rfc8 18. h3 h5 19. a3 b6 20. Bb4 Rxc1 21. Rxc1 Rxc1+ 22. Qxc1 Bf6 23. Qc7 Qe2 24. Qf4 Qxb2 25. d6 exd6 26. g4 Qa1+ 27. Bf1 hxg4 28. hxg4 Bd3 29. Qxf6 Qxf1+ 30. Kh2 Be4 31. Kg3 Qh1 32. Bxd6 Bd5 33. Be5 Qg1+ 34. Kh4 Qh1+ 35. Kg5 1-0

[Event "Late-Titled-Tuesday-Blitz-October-17-2023"]
[Site "Chess.com"]
[Date "2023.10.17"]
[Round "4"]
[White "luizzy"]
[Black "giomar27"]
[Result "1-0"]
[WhiteElo "2565"]
[BlackElo "2349"]
[TimeControl "180+1"]
[EndTime "14:38:08 PDT"]
[Termination "luizzy won by resignation"]

1. b3 e5 2. Bb2 d6 3. e3 f5 4. d4 e4 5. c4 Nf6 6. Nc3 g6 7. Nge2 Bg7 8. d5 O-O 9. Nd4 Qe7 10. Be2 a5 11. h4 h6 12. Qd2 Na6 13. O-O-O Bd7 14.
f3 Nc5 15. f4 Rfe8 16. h5 g5 17. fxg5 hxg5 18. g3 Bh6 19. Rdf1 Qe5 20. Kb1 g4 21. Ncb5 Rac8 22. Nxf5 Qxf5 23. Rxf5 Bxf5 24. Rf1 Nxh5 25. Rxf5 Nxg3 26. Bxg4 Nd3 27. Qg2 Nxf5 28. Bxf5+ Kf8 29.
Bxc8 Nxb2 30. Qxb2 Rxc8 31. Qh8+ 1-0

[Event "Late-Titled-Tuesday-Blitz-October-17-2023"]
[Site "Chess.com"]
[Date "2023.10.17"]
[Round "4"]
[White "dosto07"]
[Black "dadice10"]
[Result "1-0"]
[WhiteElo "2517"]
[BlackElo "2221"]
[TimeControl "180+1"]
[EndTime "14:38:10 PDT"]
[Termination "dosto07 won by resignation"]

1. e4 d5 2. exd5 Nf6 3. d4 Nxd5 4. Nf3 g6 5. Bc4 Bg7 6. O-O O-O 7. Re1 Nc6 8. c3 Bg4 9. h3 Bxf3 10. Qxf3 Nb6 11.
Bb5 Na5 12. Bg5 Bf6 13. Bxf6 exf6 14. Nd2 c6 15. Bf1 c5 16. dxc5 Qxd2 17. Re2 Qd5 18. cxb6 Qxf3 19. gxf3 axb6 20. Rd1 Rad8 21. Red2 Rxd2 22.
Rxd2 Nc6 23. f4 Rd8 24. Rxd8+ Nxd8 25. Kg2 Kf8 26. Bc4 Ke7 27. Kf3 Nc6 28. Bd5 Nd8 29.
b4 f5 30. Ke3 h6 31. h4 Kd6 32. c4 Kc7 33. a3 h5 34. Kd4 f6 35. a4 Nc6+ 36. Kc3 Nd8 37. c5 bxc5 38. bxc5 b6 39. Kd4 bxc5+ 40. Kxc5 1-0

[Event "Late-Titled-Tuesday-Blitz-October-17-2023"]
[Site "Chess.com"]
[Date "2023.10.17"]
[Round "4"]
[White "eljanov"]
[Black "GlavkonVVS"]
[Result "1-0"]
[WhiteElo "2831"]
[BlackElo "2537"]
[TimeControl "180+1"]
[EndTime "14:38:13 PDT"]
[Termination "eljanov won by checkmate"]

1. d4 Nf6 2. c4 e6 3. Nc3 c5 4. d5 exd5 5. cxd5 d6 6. Nf3 g6 7.
Nd2 Bg7 8. e4 O-O 9. Be2 a6 10.
a4 Re8 11. O-O Nbd7 12. Qc2 Rb8 13. Nc4 Ne5 14. Na3 Bd7 15. f4 Neg4 16. h3 b5 17.
hxg4 b4 18. g5 Nh5 19. Bxh5 bxc3 20. bxc3 gxh5 21. f5 Bxa4 22. Qxa4 Bxc3 23. Ra2 Bd4+ 24. Raf2 Rxe4 25. Qd1 Rg4 26. Nc2 Bxf2+ 27. Kxf2 Rb1 28. Qf3 Rxc1 29. Rxc1 Qxg5 30. Qe3 Rxg2+ 31. Kf1 Qg4 32. f6 Re2 33. Qxe2 Qf4+ 34. Kg2 Qg5+ 35. Kh3 Qf5+ 36. Kg3 Qg5+ 37. Kf2 Qf4+ 38. Qf3 Qxc1 39.
Qg3+ Kf8 40. Qxd6+ Kg8 41. Qd8# 1-0

[Event "Late-Titled-Tuesday-Blitz-October-17-2023"]
[Site "Chess.com"]
[Date "2023.10.17"]
[Round "4"]
[White "aa175"]
[Black "NowInChess"]
[Result "1-0"]
[WhiteElo "2603"]
[BlackElo "2249"]
[TimeControl "180+1"]
[EndTime "14:38:13 PDT"]
[Termination "aa175 won on time"]

1. d4 Nf6 2. Nf3 g6 3. c4 Bg7 4. Nc3 O-O 5. e4 d6 6. Be3 Na6 7. Be2 c5 8. d5 e5 9. Nd2 Ne8 10.
g4 f5 11. exf5 gxf5 12. gxf5 Bxf5 13. Rg1 Kh8 14. Nde4 Nf6 15. Ng5 Nb4 16. Ne6 Nc2+ 17. Qxc2 Bxc2 18. Nxd8 Raxd8 19. Kd2 Bg6 20. Bd3 e4 21. Bc2 Rfe8 22. Rae1 Nd7 23. Bg5 Rb8 24. Nxe4 Bxe4 25. Bxe4 Bxb2 26. Bf5 Nf6 27. Rxe8+ Rxe8 28. Bxf6+ Bxf6 29. Be6 Be5 30. h4 Rf8 31. f3 h6 32.
Ke2 Bd4 33. Rg6 Kh7 34. h5 Be5 35. Bg4 Rf6 36. a4 Rxg6 37. Bf5 Kg7 38. hxg6 a5 39. Kf2 Kf6 40. Be4 Kg5 41. Kg2 Kf4 42. Kh3 1-0

[Event "Late-Titled-Tuesday-Blitz-October-17-2023"]
[Site "Chess.com"]
[Date "2023.10.17"]
[Round "4"]
[White "Giorno"]
[Black "BrandonJacobson"]
[Result "0-1"]
[WhiteElo "2540"]
[BlackElo "2983"]
[TimeControl "180+1"]
[EndTime "14:38:14 PDT"]
[Termination "BrandonJacobson won by checkmate"]

1. d4 Nf6 2. Nf3 g6 3. Nc3 d5 4.
Bf4 Bg7 5. Nb5 Na6 6. e3 Nh5 7. Be5 f6 8. Bg3 c6 9. Nc3 Nc7 10. Be2 O-O 11. O-O Nxg3 12. hxg3 e5 13. e4 dxe4 14. Nxe4 f5 15. Nc5 e4 16. Ne5 Qe7 17. f4 exf3 18. Nxf3 b6 19. Nb3 Be6 20. Re1 Rad8 21. Bd3 Qd6 22. c3 Qxg3 23. Qe2 Rfe8 24. Qf2 Qxf2+ 25. Kxf2 c5 26. Bc2 Bf6 27. dxc5 Kg7 28.
cxb6 axb6 29. Nfd4 Bd5 30. Rad1 f4 31. Nf3 g5 32.
Rxe8 Rxe8 33. Bf5 h5 34. Nfd4 g4 35. g3 h4 36. Bxg4 hxg3+ 37. Kg1 Bxd4+ 38. Nxd4 Kf6 39. Bf3 Bxf3 40. Nxf3 Re2 41. Rd6+ Ke7 42. Rxb6 Nd5 43. Rb7+ Kf6 44. Nd4 Rf2 45. Rb8 Ne3 46. Rf8+ Ke7 47. Rg8 Rf1# 0-1

[Event "Late-Titled-Tuesday-Blitz-October-17-2023"]
[Site "Chess.com"]
[Date "2023.10.17"]
[Round "4"]
[White "nicholas_ilic"]
[Black "topin8"]
[Result "1-0"]
[WhiteElo "2344"]
[BlackElo "2488"]
[TimeControl "180+1"]
[EndTime "14:38:16 PDT"]
[Termination "nicholas_ilic won on time"]

1. e4 e5 2. Nf3 Nc6 3. Nc3 Nf6 4. Bc4 Bc5 5. O-O d6 6. h3 a5 7. d3 Be6 8. Bg5 h6 9. Bh4 g5 10. Bg3 Qd7 11. a3 Bxh3 12. Nd5 Nxd5 13. exd5 Ne7 14. gxh3 Qxh3 15. d4 Bb6 16. Qd3 f5 17. Nxe5 dxe5 18. Bxe5 Qxd3 19. Bxd3 O-O 20. c4 Ng6 21. Rac1 Rae8 22. c5 Nxe5 23. dxe5 Ba7 24. Rfe1 Kg7 25. d6 Bb8 26. b4 a4 27. Bb5 c6 28. Bxa4 f4 29.
e6 Kf6 30. Bb3 Rh8 31. e7 g4 32. Re6+ Kf5 33. Rce1 g3 34. f3 Kg5 35. R1e5+ Kh4 36. Rg6 h5 37. Rgg5 b6 38. Bf7 Rxe7 39. dxe7 Bxe5 40. Rxe5 1-0

[Event "Late-Titled-Tuesday-Blitz-October-17-2023"]
[Site "Chess.com"]
[Date "2023.10.17"]
[Round "4"]
[White "maurovargas01"]
[Black "Hirna2005"]
[Result "0-1"]
[WhiteElo "1910"]
[BlackElo "2314"]
[TimeControl "180+1"]
[EndTime "14:38:18 PDT"]
[Termination "Hirna2005 won on time"]

1. e4 g6 2. Nc3 Bg7 3. f4 d6 4.
Nf3 c5 5. Bc4 Nc6 6. O-O Nf6 7.
d3 O-O 8. a3 Bg4 9. Nd5 Nd4 10.
Ne3 Nxf3+ 11. gxf3 Bh3 12. Rf2 e6 13. Qe1 d5 14.
Bb3 Nh5 15. Ng4 Bd4 16. Be3 dxe4 17. dxe4 Qh4 18. Nh6+ Kg7 19. f5 Nf4 20. Ng4 Bxg4 21. fxg4 Nh3+ 22. Kf1 Nxf2 23. Qxf2 Qxf2+ 24. Kxf2 Bxb2 25.
Rf1 Bd4 26. Ke2 Bxe3 27. f6+ Kg8 28. Kxe3 Rfd8 29. h4 Rd4 30. h5 Rad8 31. hxg6 hxg6 32. Rh1 c4 0-1

[Event "Late-Titled-Tuesday-Blitz-October-17-2023"]
[Site "Chess.com"]
[Date "2023.10.17"]
[Round "4"]
[White "Siemba"]
[Black "Cayse"]
[Result "1-0"]
[WhiteElo "2578"]
[BlackElo "2869"]
[TimeControl "180+1"]
[EndTime "14:38:20 PDT"]
[Termination "Siemba won by resignation"]

1. e4 e5 2. Nf3 Nc6 3. Bc4 Nf6 4. d3 Bc5 5. Nc3 a6 6. a4 d6 7. Bg5 h6 8. Bxf6 Qxf6 9. Nd5 Qd8 10. c3 Ba7 11. O-O O-O 12. h3 Kh8 13. Ne3 Ne7 14.
d4 exd4 15. Nxd4 c6 16. Bb3 Qc7 17. Qh5 Ng8 18. Rad1 Nf6 19. Qh4 Re8 20. Bc2 d5 21. exd5 Nxd5 22. Nxd5 cxd5 23. Rfe1 Bd7 24. Qh5 Rxe1+ 25.
Rxe1 Bxd4 26. Qxf7 Qc6 27. Re7 Bxh3 28. gxh3 Bf6 29.
Re6 Qc4 30. Re8+ 1-0

[Event "Late-Titled-Tuesday-Blitz-October-17-2023"]
[Site "Chess.com"]
[Date "2023.10.17"]
[Round "4"]
[White "Miguelitro69"]
[Black "Nf3c5"]
[Result "0-1"]
[WhiteElo "2316"]
[BlackElo "2612"]
[TimeControl "180+1"]
[EndTime "14:38:20 PDT"]
[Termination "Nf3c5 won by checkmate"]

1. e4 c5 2. Nf3 Nc6 3. d4 cxd4 4. Nxd4 e5 5. Nb5 d6 6. N1c3 a6 7.
Na3 Be6 8. Nd5 Bxd5 9. exd5 Nce7 10. c4 Nf6 11. Be2 g6 12. O-O Bg7 13. Be3 O-O 14. Rc1 a5 15. Nb5 b6 16. a3 Nf5 17. Bd2 Ne4 18.
Be1 a4 19. f3 Nc5 20. Bf2 Bh6 21. Rc3 Qe7 22. Bd3 Ne3 23. Bxe3 Bxe3+ 24. Kh1 f5 25. Bxf5 gxf5 26. Rxe3 f4 27. Re2 Qd7 28. Qe1 Kh8 29.
Qh4 Rf7 30. Qh6 Rd8 31. Rd1 Rg7 32. Qf6 Kg8 33. Na7 Rf8 34. Qh6 Qxa7 35. Qxd6 e4 36. fxe4 f3 37. gxf3 Rxf3 38. Qd8+ Rf8 39. Qh4 Qf7 40. Rg2 Qf1+ 41. Rg1 Qf3+ 42. Rg2 Qxg2# 0-1

[Event "Late-Titled-Tuesday-Blitz-October-17-2023"]
[Site "Chess.com"]
[Date "2023.10.17"]
[Round "4"]
[White "mishanick"]
[Black "Genghis_K"]
[Result "1-0"]
[WhiteElo "3035"]
[BlackElo "2851"]
[TimeControl "180+1"]
[EndTime "14:38:21 PDT"]
[Termination "mishanick won by resignation"]

1. d4 Nf6 2. c4 e6 3. Nc3 Bb4 4. e3 O-O 5. Bd3 d5 6. a3 Bxc3+ 7. bxc3 dxc4 8. Bxc4 c5 9. Ne2 Qc7 10. Qd3 b6 11. e4 Bb7 12. f3 Nc6 13. Bg5 Nd7 14.
O-O h6 15. Bf4 Qd8 16. Rfd1 cxd4 17. cxd4 e5 18. Bg3 exd4 19. Nxd4 Nce5 20. Qe2 Nxc4 21. Qxc4 Rc8 22. Qe2 Qf6 23. Nf5 Nc5 24. Rac1 Ba6 25. Qe3 Ne6 26. Bd6 Rxc1 27. Rxc1 Re8 28. h3 Qg5 29. f4 Qf6 30. Be5 Qd8 31. Qg3 f6 32. Rc7 g5 33. Nxh6+ Kh8 34. Nf7+ 1-0

[Event "Late-Titled-Tuesday-Blitz-October-17-2023"]
[Site "Chess.com"]
[Date "2023.10.17"]
[Round "4"]
[White "SCIM"]
[Black "frederiksvane"]
[Result "0-1"]
[WhiteElo "2556"]
[BlackElo "2880"]
[TimeControl "180+1"]
[EndTime "14:38:21 PDT"]
[Termination "frederiksvane won by resignation"]

1. e4 a6 2. d4 c6 3. Nc3 d5 4. Nf3 Bg4 5. Be2 e6 6. O-O Nf6 7. e5 Nfd7 8. h3 Bxf3 9. Bxf3 c5 10. Re1 Nc6 11. dxc5 Bxc5 12. Bf4 O-O 13. Qd2 Bd4 14. Rad1 Bxe5 15. Bg5 Bf6 16. Bxf6 Qxf6 17. b3 Rad8 18.
Be2 h6 19. Bf1 Qg5 20. Ne2 Qxd2 21. Rxd2 Nf6 22. f3 b5 23. Red1 b4 24. Nd4 Nxd4 25.
Rxd4 a5 26. a3 Rb8 27. axb4 axb4 28. Ra1 Rfc8 29. Bd3 e5 30. Rh4 g5 31. Rxh6 Kg7 32. Rxf6 Kxf6 33. Ra6+ Kg7 34. Kf2 Re8 35. Ke3 e4 36.
fxe4 dxe4 37. Bc4 Re7 38. Ra5 Kg6 39. Ra6+ Kg7 40. Rd6 f5 41. Rd5 f4+ 42. Ke2 Kf6 43. Rd6+ Kg7 44. Rd5 Kf6 45. Rd6+ Kf5 46. Rd5+ Re5 47.
Rd6 g4 48. hxg4+ Kxg4 49. Rg6+ Kf5 50. Rh6 Rb7 51. Rh5+ Kf6 52. Rh6+ Kg5 53. Rd6 Rh7 54.
Rb6 Rh2 55. Kf1 f3 56. gxf3 exf3 57. Rxb4 f2 58. Be2 Rh1+ 59. Kxf2 Rh2+ 60. Kg3 Rhxe2 0-1

[Event "Late-Titled-Tuesday-Blitz-October-17-2023"]
[Site "Chess.com"]
[Date "2023.10.17"]
[Round "4"]
[White "TigrVShlyape"]
[Black "Emp3rador"]
[Result "1-0"]
[WhiteElo "2816"]
[BlackElo "2531"]
[TimeControl "180+1"]
[EndTime "14:38:25 PDT"]
[Termination "TigrVShlyape won on time"]

1. e4 e6 2. d4 d5 3. e5 c5 4. c3 Qb6 5. Nf3 Bd7 6. Na3 cxd4 7. cxd4 Nc6 8. Nc2 Nb4 9. Nxb4 Bxb4+ 10. Bd2 Ne7 11.
Bxb4 Qxb4+ 12. Qd2 Qb6 13. Be2 Bb5 14. Qb4 Bxe2 15.
Qxb6 axb6 16. Kxe2 h6 17. a4 Kd7 18. Kd3 Rhc8 19. b3 Nc6 20. Rhc1 Nb4+ 21. Kd2 Rc6 22. Ne1 Rac8 23. h4 h5 24. g3 g6 25. Rxc6 bxc6 26.
Nd3 Nxd3 27. Kxd3 c5 28. Rc1 Kc6 29. b4 c4+ 30. Kc3 Ra8 31. b5+ Kb7 32. Kb4 Rc8 33. Rc3 Rc7 34. Rf3 Rd7 35. Rf6 Rc7 36. Kc3 Kc8 37.
f3 Ra7 38. Kb4 Rc7 39. Kc3 Ra7 40. g4 hxg4 41. fxg4 Rxa4 42. h5 Ra3+ 43. Kc2 Rg3 44. h6 1-0

[Event "Late-Titled-Tuesday-Blitz-October-17-2023"]
[Site "Chess.com"]
[Date "2023.10.17"]
[Round "4"]
[White "JSlaby"]
[Black "Mykola-Bortnyk"]
[Result "0-1"]
[WhiteElo "2586"]
[BlackElo "2983"]
[TimeControl "180+1"]
[EndTime "14:38:28 PDT"]
[Termination "Mykola-Bortnyk won on time"]

1. e4 Nf6 2. e5 Nd5 3. d4 d6 4.
Bc4 Nb6 5. Bb3 dxe5 6. Qh5 e6 7. dxe5 c5 8. Nd2 Qc7 9. Nc4 Bd7 10. Nf3 Bc6 11. O-O g6 12. Qg4 h5 13. Qg3 Nxc4 14.
Bxc4 b5 15. Be2 Be7 16. Bg5 Bxg5 17. Qxg5 Qe7 18. Qf4 Nd7 19. Rfd1 O-O 20. Rd6 Bxf3 21. Bxf3 Rad8 22. Rad1 Nb6 23. h4 Nc4 24. b3 Nxd6 25.
exd6 Qd7 26. Bxh5 e5 27. Qxe5 Qe6 28. Qxe6 fxe6 29. Bxg6 Rf4 30. d7 Rxh4 31. Be8 Kf8 32. Re1 Ke7 33. g3 Rd4 34. Re5 Kd6 35. Rh5 Rd2 36. b4 Rxc2 37. bxc5+ Rxc5 38. Rh4 a5 39. Rd4+ Ke7 40. Kg2 b4 41. f4 Rc2+ 42. Kf3 Rxa2 43. f5 exf5 44. Rd5 b3 45. Re5+ Kd6 46. Rxf5 b2 47.
Rb5 a4 48. Rb6+ Kc7 49. Rb4 Ra3+ 0-1

[Event "Late-Titled-Tuesday-Blitz-October-17-2023"]
[Site "Chess.com"]
[Date "2023.10.17"]
[Round "4"]
[White "expii"]
[Black "Aariow"]
[Result "1-0"]
[WhiteElo "2260"]
[BlackElo "2456"]
[TimeControl "180+1"]
[EndTime "14:38:28 PDT"]
[Termination "expii won by checkmate"]

1. e4 c5 2. Nf3 Nc6 3. d4 cxd4 4. Nxd4 g6 5. Nc3 Bg7 6. Be3 Nf6 7. Bc4 O-O 8. Bb3 a5 9. a4 Ng4 10. Qxg4 Nxd4 11.
Qd1 Nxb3 12. cxb3 Ra6 13. O-O Re6 14. Qd3 b6 15. Rad1 Qc7 16. Nd5 Qa7 17. Bd4 Ba6 18. Qc3 Rc8 19. Qe3 Bxd4 20. Qxd4 Bxf1 21. Rxf1 Qc7 22.
Nxc7 Rxc7 23. f3 Rec6 24. h3 Rc2 25. Rd1 R7c5 26. Rd2 Rc1+ 27. Kh2 d6 28. Qd3 h5 29. Qa6 Rf1 30. Qxb6 Rcc1 31. h4 g5 32. hxg5 h4 33. Kh3 Rh1+ 34. Kg4 h3 35. gxh3 Rcg1+ 36. Kf4 Kg7 37.
Qd8 e5+ 38. Kf5 Rxh3 39. Qf6+ Kg8 40. Qd8+ Kg7 41. Rxd6 Rxf3+ 42. Kxe5 Rf2 43. g6 fxg6 44. Rd7+ Kh6 45. Qh4# 1-0

[Event "Late-Titled-Tuesday-Blitz-October-17-2023"]
[Site "Chess.com"]
[Date "2023.10.17"]
[Round "4"]
[White "djano"]
[Black "TheKingDoctor"]
[Result "1-0"]
[WhiteElo "2679"]
[BlackElo "2449"]
[TimeControl "180+1"]
[EndTime "14:38:29 PDT"]
[Termination "djano won on time"]

1. e4 e5 2. Nf3 Nc6 3. d4 exd4 4. Nxd4 Nf6 5. Nxc6 bxc6 6. Nd2 d5 7. exd5 cxd5 8.
Bd3 Bd6 9. O-O O-O 10. h3 c6 11. b3 Be5 12. Rb1 Qa5 13. Nf3 Bc3 14. a4 Rd8 15. Ba3 Ne4 16. Qe2 Re8 17. Ng5 Bf5 18. Nxe4 dxe4 19.
Bc4 Qe5 20. Rbd1 Rad8 21. Qe3 Bd4 22. Qg5 Bg6 23. Qxe5 Bxe5 24. Bc5 Bh5 25. g4 Bg6 26. Bxa7 h5 27. Bb6 Rxd1 28. Rxd1 Kh7 29. a5 hxg4 30. hxg4 f5 31. gxf5 Bxf5 32. a6 Bg4 33. Ra1 Kg6 34. a7 Rh8 35. a8=Q Bh2+ 36. Kf1 Bb8 37. Qxc6+ Kg5 38.
Be3+ Bf4 39. Qc5+ Kg6 40. Ra6+ 1-0

[Event "Late-Titled-Tuesday-Blitz-October-17-2023"]
[Site "Chess.com"]
[Date "2023.10.17"]
[Round "4"]
[White "Tomytoteph"]
[Black "h4parah5"]
[Result "0-1"]
[WhiteElo "2571"]
[BlackElo "2930"]
[TimeControl "180+1"]
[EndTime "14:38:33 PDT"]
[Termination "h4parah5 won by checkmate"]

1. e4 c5 2. Nf3 Nc6 3. Bb5 e6 4. O-O Nge7 5. Re1 a6 6. Bf1 d5 7. exd5 Nxd5 8. Nc3 Nf6 9. g3 b6 10. Bg2 Bb7 11. d3 Be7 12. Ne5 Qc8 13. Bf4 Nd4 14. Nf3 O-O 15. Nxd4 cxd4 16. Ne4 Nd5 17. Bd6 Qd7 18.
Bxe7 Nxe7 19. h4 Rac8 20. Rc1 h6 21. Qd2 f5 22. Nd6 Qxd6 23. Bxb7 Rc5 24. Bxa6 b5 25. Bb7 f4 26. g4 f3 27. Qb4 Qf4 28. Bxf3 Qxf3 29.
Qxc5 Qxf2+ 30. Kh1 Qxh4+ 31. Kg1 Qxg4+ 32. Kh1 Qh3+ 33.
Kg1 Qg3+ 34. Kh1 Rf5 35. Qxf5 Nxf5 36. Rxe6 Ne3 37. Rg1 Qh3# 0-1

[Event "Late-Titled-Tuesday-Blitz-October-17-2023"]
[Site "Chess.com"]
[Date "2023.10.17"]
[Round "4"]
[White "Dhaydon19"]
[Black "BrandonJiang123456"]
[Result "1-0"]
[WhiteElo "2532"]
[BlackElo "2272"]
[TimeControl "180+1"]
[EndTime "14:38:34 PDT"]
[Termination "Dhaydon19 won on time"]

1. e4 c5 2. Nc3 Nc6 3. g3 e6 4. Bg2 Nge7 5. d3 d5 6. Nge2 f6 7. exd5 exd5 8. Nf4 d4 9. Ncd5 Nxd5 10. Nxd5 Bd6 11. Qh5+ g6 12. Qh6 Bf8 13. Qf4 Kf7 14. O-O Bd6 15. Qh4 Be6 16. Nf4 Bf5 17. Bd5+ Kg7 18. Ne6+ Bxe6 19. Bxe6 Re8 20. Qh6+ Kh8 21. Bf7 Bf8 22. Qh3 Qc8 23. Qh4 g5 24. Qh5 Re7 25. Bd2 Ne5 26. Bd5 Qd7 27. Be4 Rg7 28. f4 gxf4 29.
Bxf4 Bd6 30. Bh6 Re7 31. Rxf6 Rg8 32. Bf8 Rf7 33. Rxf7 Qxf7 34. Qxf7 Nxf7 35. Bxd6 Nxd6 36. Bd5 Re8 37. Kf2 Kg7 38. Re1 Rf8+ 39. Kg2 Kf6 40.
Rf1+ Ke7 41. Rxf8 Kxf8 42. g4 Ke7 43. Kg3 b6 44. Kf4 Kf6 45. g5+ Kg6 46. Be4+ Kg7 47. h4 Nf7 48. h5 Nd8 49. h6+ Kg8 50. Ke5 Nf7+ 51. Kf6 Nd6 52. Bd5+ Kh8 53. a4 1-0

[Event "Late-Titled-Tuesday-Blitz-October-17-2023"]
[Site "Chess.com"]
[Date "2023.10.17"]
[Round "4"]
[White "Polish_fighter3000"]
[Black "vladislavkovalev"]
[Result "1-0"]
[WhiteElo "3060"]
[BlackElo "2864"]
[TimeControl "180+1"]
[EndTime "14:38:35 PDT"]
[Termination "Polish_fighter3000 won on time"]

1. d4 Nf6 2. Nf3 e6 3. Bf4 d5 4. e3 c5 5. c3 Nc6 6. Nbd2 cxd4 7. exd4 Nh5 8. Be3 Bd6 9. Bd3 Nf4 10. Bxf4 Bxf4 11. O-O O-O 12. Re1 g6 13. Nf1 Re8 14.
h4 e5 15. dxe5 Nxe5 16. Bb5 Bd7 17. Bxd7 Qxd7 18. g3 Nxf3+ 19. Qxf3 Bh6 20. h5 Bg7 21. Red1 Rad8 22. Ne3 Re5 23. h6 Bh8 24. Rd3 Rh5 25. Rad1 d4 26. Ng4 Qe6 27. cxd4 Rg5 28. Ne5 Rh5 29. Re3 Rf5 30. Qxb7 Rxe5 31. Rxe5 Bxe5 32. Re1 Qxa2 33. Qe7 Rf8 34. Qxe5 f6 35. Qc7 1-0

[Event "Late-Titled-Tuesday-Blitz-October-17-2023"]
[Site "Chess.com"]
[Date "2023.10.17"]
[Round "4"]
[White "Cristi_Coca"]
[Black "ellatambien"]
[Result "1-0"]
[WhiteElo "2372"]
[BlackElo "2611"]
[TimeControl "180+1"]
[EndTime "14:38:37 PDT"]
[Termination "Cristi_Coca won by resignation"]

1. e4 e5 2. Nf3 Nc6 3. Bc4 Nf6 4. d3 Bc5 5. c3 O-O 6. Bb3 a5 7. O-O d6 8. h3 h6 9. Re1 Be6 10. Bxe6 fxe6 11. d4 exd4 12. cxd4 Bb4 13. Nc3 e5 14. dxe5 dxe5 15. Bd2 Qe8 16. Nd5 Bxd2 17. Qxd2 Qf7 18. Rad1 Nh5 19. Nh4 Rad8 20. Qe3 Nd4 21. Rc1 c6 22. Nc3 Qf6 23. Nf5 Nxf5 24. exf5 Qxf5 25. Qxe5 Qxf2+ 26. Kh1 Rd2 27. Rg1 Nf6 28. Rcf1 Qd4 29. Qe6+ Kh8 30. Ne2 Qxb2 31. Nf4 Re8 32. Qf7 Qxa2 33. Ng6+ Kh7 34. Nf8+ Rxf8 35. Qxf8 Rf2 36. Re1 Qd2 37. Re7 Qg5 38. Rxb7 Ng4 39. Qd6 Ne5 40. Re7 Ng6 41. Re6 Nf4 42. Re5 Qg3 43.
Rf5 Nxh3 44. Qxg3 Rxf5 45. Qxh3 Kg6 46. Qg3+ Rg5 47. Qd3+ Kf7 48. Rf1+ Kg8 49. Rb1 Rh5+ 50. Kg1 Rc5 51. Rb8+ Kf7 52. Qd7+ 1-0